 Dungeon Crawl Stone Soup version 0.23.0 (webtiles) character file.

Game seed: 12544032849376646791

477 Infinimo the Cudgeler (level 6, -2/49 HPs)
             Began as a Demonspawn Berserker on Feb 10, 2019.
             Was a Priest of Trog.
             Slain by Grinder (5 damage)
             ... on level 5 of the Dungeon.
             The game lasted 00:04:20 (4378 turns).

Infinimo the Cudgeler (Demonspawn Berserker)        Turns: 4378, Time: 00:04:20

Health: -2/49      AC:  9    Str: 19    XL:     6   Next: 85%
Magic:  0/6        EV: 12    Int:  9    God:    Trog [***...]
Gold:   176        SH:  0    Dex: 12    Spells: 5/5 levels left

rFire    . . .     SeeInvis .   m - +2 flail (protect)
rCold    . . .     Gourm    .   (no shield)
rNeg     . . .     Faith    .   b - +0 animal skin
rPois    .         Spirit   +   (helmet restricted)
rElec    .         Reflect  .   (no cloak)
rCorr    .         Harm     .   (no gloves)
MR       .....                  (no boots)
Stlth    +.........             (no amulet)
HPRegen  0.16/turn              (no ring)
MPRegen  0.10/turn              (no ring)

@: protection aura, berserk cooldown, starving, slowed, very slow
A: horns 1, magic shield
a: Berserk, Trog's Hand, Renounce Religion


You were on level 5 of the Dungeon.
You worshipped Trog.
Trog was most pleased with you.
You were starving.

You visited 1 branch of the dungeon, and saw 5 of its levels.

You collected 176 gold pieces.

Inventory:

Hand Weapons
 m - a +2 flail of protection (weapon)
Armour
 b - a +0 animal skin (worn)
Scrolls
 e - a scroll of remove curse
 f - a scroll of identify
 g - 2 scrolls of blinking
 i - 2 scrolls of enchant weapon {unknown}
 j - a scroll of teleportation
 l - a scroll of fear {unknown}
 n - 2 scrolls of enchant armour {unknown}
 p - a scroll of random uselessness {unknown}
 q - a scroll of immolation {unknown}
Potions
 a - 2 potions of brilliance {unknown}
 d - a potion of resistance {unknown}
 h - a potion of curing {unknown}
 k - 2 potions of berserk rage {unknown}
 o - a potion of mutation {unknown}
 s - a potion of degeneration {unknown}
 t - a potion of haste {unknown}
 u - a potion of invisibility {unknown}
Comestibles
 c - 7 rations


   Skills:
 + Level 4.6 Fighting
 * Level 5.4 Maces & Flails
 + Level 3.6 Armour
 - Level 1.7 Dodging


You had 5 spell levels left.
You didn't know any spells.
Your spell library was empty.

Dungeon Overview and Level Annotations

Branches:
Dungeon (5/15)             Temple (0/1) D:4

Altars:
Elyvilon
Fedhas
Kikubaaqudgha
Makhleb
Nemelex Xobeh
Wu Jian
Zin

Annotations:
D:5 Grinder


Innate Abilities, Weirdness & Mutations

You have a pair of small horns on your head.
When hurt, damage is shared between your health and your magic reserves.


Message History

Unknown command.
Grinder is almost dead.
Grinder closely misses you.
Grinder is almost dead.
Grinder gestures at you.
You barely resist.
Grinder says, "There's only one good use for a tongue: cutting it out."
Grinder gestures at you.
You shrug off the repeated paralysis!
You hit Grinder.
Your weapon exudes an aura of protection.
Grinder is almost dead.
Grinder hits you!
* * * LOW HITPOINT WARNING * * *
You writhe in agony.
* * * LOW HITPOINT WARNING * * *
Grinder hits you.
* * * LOW HITPOINT WARNING * * *
You writhe in agony.
You die...

#..# #.. #..# #.#
#..# #.# #..# #.#
#..# #.# #######..#
#.# .......5.# #.#
#..@.#### #.#
#.......#
..##########
#.#####.#
...........# #.# #
##########.###.#####
#...>.....#
#####.###.# .. #.#
## #.#


You could see Grinder.

Vanquished Creatures
  An ogre (D:4)
  3 orc priests
  A hound (D:4)
  2 orc wizards
  A bullfrog skeleton (D:4)
  An iguana (D:4)
  Ijyb (D:4)
  A gnoll (D:1)
  3 adders
  2 oozes (D:4)
  2 worms (D:2)
  2 dart slugs (D:1)
  21 orcs
  3 bats (D:2)
  2 giant cockroaches
  5 goblins
  9 hobgoblins
  4 kobolds
  A quokka (D:3)
  8 frilled lizards
  6 rats
79 creatures vanquished.

Notes
Turn   | Place    | Note
-------+----------+-------------------------------------------
     0 | D:1      | Infinimo the Demonspawn Berserker began the quest for the
                  | Orb.
     0 | D:1      | Reached XP level 1. HP: 18/18 MP: 1/1
   185 | D:1      | Reached skill level 3 in Maces & Flails
   187 | D:1      | Gained mutation: You have a pair of small horns on your
                  | head. [demonic ancestry]
   187 | D:1      | Reached XP level 2. HP: 21/24 MP: 2/2
  1017 | D:1      | Gained mutation: When hurt, damage is shared between your
                  | health and your magic reserves. [demonic ancestry]
  1017 | D:1      | Reached XP level 3. HP: 25/29 MP: 3/3
  1129 | D:2      | Reached ** piety under Trog
  1713 | D:2      | Found a blossoming altar of Fedhas.
  1763 | D:2      | Found an ancient bone altar of Kikubaaqudgha.
  2195 | D:3      | Reached XP level 4. HP: 20/35 MP: 1/4
  2454 | D:3      | Found a glowing silver altar of Zin.
  2470 | D:3      | Found a white marble altar of Elyvilon.
  2476 | D:3      | Found an ornate altar of the Wu Jian Council.
  2477 | D:3      | Found a burning altar of Makhleb.
  2480 | D:3      | Found a sparkling altar of Nemelex Xobeh.
  2515 | D:3      | Reached skill level 4 in Maces & Flails
  2906 | D:3      | Reached XP level 5. HP: 42/42 MP: 3/5
  3763 | D:4      | Reached XP level 6. HP: 41/48 MP: 4/6
  3823 | D:4      | Found a staircase to the Ecumenical Temple.
  3846 | D:4      | Reached *** piety under Trog
  3851 | D:4      | Reached skill level 5 in Maces & Flails
  3948 | D:4      | Noticed Ijyb
  3957 | D:4      | Killed Ijyb
  4299 | D:5      | Entered Level 5 of the Dungeon
  4360 | D:5      | Noticed Grinder
  4370 | D:5      | Paralysed by Grinder for 5 turns
  4378 | D:5      | Slain by Grinder

Skill      XL: |  1  2  3  4  5  6 |
---------------+-------------------+-----
Maces & Flails | 3 4 5 |  5.4
Armour         | 2 3 |  3.6
Fighting       | 4 |  4.6
Dodging        | |  1.7

Action                   |  1- 3 |  4- 6 || total
-------------------------+-------+-------++-------
Melee: Mace              |    14 |       ||    14
       Flail             |    82 |   127 ||   209
       Headbutt          |    12 |    20 ||    32
Invok: Berserk           |     7 |     9 ||    16
  Use: Scroll            |     3 |       ||     3
  Eat: Chunk             |     9 |    15 ||    24
Armor: Animal skin       |    22 |    13 ||    35
Dodge: Dodged            |    61 |    65 ||   126
